 Dungeon Crawl Stone Soup version 0.20.1-1-g8b1a95d (webtiles) character file.

259 ninurtach the Chopper (level 5, -3/45 HPs)
             Began as a Minotaur Fighter on Nov 10, 2017.
             Slain by a gnoll
             ... wielding a +0 halberd
              (11 damage)
             ... on level 4 of the Dungeon on Nov 12, 2017.
             The game lasted 00:06:21 (2903 turns).

ninurtach the Chopper (Minotaur Fighter)            Turns: 2903, Time: 00:06:22

Health: -3/45      AC:  8    Str: 26    XL:     5   Next: 95%
Magic:  4/4        EV:  7    Int:  5    God:
Gold:   133        SH: 10    Dex: 10    Spells: 4/4 levels left

rFire    . . .     SeeInvis .   a - +0 war axe
rCold    . . .     Gourm    .   c - +0 shield
rNeg     . . .     Faith    .   b - +0 scale mail
rPois    .         Spirit   .   (helmet restricted)
rElec    .         Reflect  .   (no cloak)
rCorr    .         Harm     .   n - +0 pair of gloves
MR       .....                  (no boots)
Stlth    ..........             (no amulet)
Regen    0.2/turn               q - ring of flight
MPRegen  0.1/turn               (no ring)

@: mighty
A: retaliatory headbutt, horns 2
a: Evoke Flight


You were on level 4 of the Dungeon.
You were not hungry.

You visited 1 branch of the dungeon, and saw 4 of its levels.

You collected 133 gold pieces.

Inventory:

Hand Weapons
 a - a +0 war axe (weapon)
Armour
 b - a +0 scale mail (worn)
 c - a +0 shield (worn)
 n - a +0 pair of gloves (worn)
Magical Staves
 k - an uncursed staff of summoning
Jewellery
 q - a ring of flight (left hand)
Scrolls
 e - a scroll of fear {unknown}
 g - a scroll of magic mapping {unknown}
 m - 2 scrolls of teleportation {unknown}
 s - a scroll of remove curse {unknown}
 t - a scroll of identify {unknown}
Potions
 d - 4 potions of might
 h - 4 potions of heal wounds {unknown}
 i - a potion of ambrosia {unknown}
 j - 2 potions of lignification {unknown}
 l - 2 potions of magic {unknown}
 o - a potion of haste {unknown}
 r - a potion of degeneration {unknown}
 u - a potion of resistance {unknown}
Comestibles
 f - a bread ration
 p - 2 meat rations


   Skills:
 - Level 3.6 Fighting
 + Level 7.6 Axes
 - Level 3.6 Armour
 - Level 3.6 Shields


You had 4 spell levels left.
You didn't know any spells.

Dungeon Overview and Level Annotations

Branches:
Dungeon (4/15)
 Temple: D:4-7

Altars:
Ashenzari


Innate Abilities, Weirdness & Mutations

You reflexively headbutt those who attack you in melee.
You have a pair of horns on your head.


Message History

You hit the gnoll. Your headbutt misses the gnoll.
You block the gnoll's attack.
Spoiler Alert: The gnoll can hit for moderate damage in melee, and throws nets!
You closely miss the gnoll. The gnoll hits you with a halberd!
You take 12 damage, and have 25/45 hp.
MASSIVE DAMAGE!!
You closely miss the gnoll. You block the gnoll's attack.
The gnoll hits you with a halberd!
You take 9 damage, and have 16/45 hp.
Your shield and scale mail prevent you from hitting the gnoll.
Your headbutt misses the gnoll. The gnoll hits you with a halberd!
* * * LOW HITPOINT WARNING * * *
You take 10 damage, and have 6/45 hp.
MASSIVE DAMAGE!!
Spoiler Alert: The gnoll can hit for moderate damage in melee, and throws nets!
You block the gnoll's attack.
There is a stone staircase leading down here.
Found a stone staircase leading up.
You feel very mighty all of a sudden. You block the gnoll's attack.
You hit the gnoll. The gnoll hits you with a halberd!
You die...

<.. #.# #### #.#
...+ #.# ...# #.#
..+ #.# ##g####
#.# .P.P..# #.#
......# #@#
....############g#
###..<.......g...#
################


You could see a gnoll.

Vanquished Creatures
  2 hounds (D:4)
  An orc wizard (D:3)
  6 adders
  4 gnolls (D:3)
  3 worms
  4 dart slugs
  3 leopard geckos (D:2)
  6 orcs (D:3)
  4 giant cockroaches
  2 hobgoblins (D:2)
  6 jackals
  A quokka (D:2)
  6 bats
  2 frilled lizards
  5 goblins
  4 kobolds
  6 rats
65 creatures vanquished.

Notes
Turn   | Place    | Note
-------+----------+-------------------------------------------
     0 | D:1      | ninurtach the Minotaur Fighter began the quest for the Orb.
     0 | D:1      | Reached XP level 1. HP: 19/19 MP: 0/0
   213 | D:1      | You fall through a shaft!
   222 | D:2      | Reached skill level 3 in Axes
   226 | D:2      | Reached XP level 2. HP: 26/26 MP: 1/1
   317 | D:2      | Reached skill level 4 in Axes
   410 | D:2      | Reached XP level 3. HP: 31/31 MP: 2/2
  1187 | D:2      | Reached skill level 5 in Axes
  1332 | D:2      | Reached XP level 4. HP: 32/39 MP: 3/3
  1658 | D:3      | Found a shattered altar of Ashenzari.
  1854 | D:3      | Reached skill level 6 in Axes
  1863 | D:3      | Reached XP level 5. HP: 44/45 MP: 4/4
  2649 | D:3      | Reached skill level 7 in Axes
  2903 | D:4      | Slain by a gnoll

Skill      XL: |  1  2  3  4  5 |
---------------+----------------+-----
Axes           | 3 4 5 6 7 |  7.6
Fighting       | |  3.6
Armour         | |  3.6
Shields        | |  3.6

Action                   |  1- 3 |  4- 6 || total
-------------------------+-------+-------++-------
Melee: War axe           |    78 |    95 ||   173
       Headbutt          |     8 |    12 ||    20
  Use: Potion            |       |     1 ||     1
  Eat: Chunk             |     1 |     5 ||     6
Armor: Scale mail        |    28 |    34 ||    62
Dodge: Dodged            |    26 |    30 ||    56
Block: Shield            |    45 |    45 ||    90
